 Dungeon Crawl Stone Soup version 0.31.0-11-ge490571c62 (webtiles) character file.

Game seed: 4652086399546849950

12411 cdecastro the Arsonist (level 11, -14/63 HPs)
             Began as a Deep Elf Fire Elementalist on Feb 6, 2024.
             Was a Believer of Sif Muna.
             Demolished by a three-headed hydra simulacrum (25 damage)
             ... in an ice cave on Feb 7, 2024.
             The game lasted 00:35:31 (13905 turns).

cdecastro the Arsonist (DEFE)                      Turns: 13905, Time: 00:35:31

Health: -14/63     AC: 10    Str:  5    XL:     11   Next: 62%
Magic:  19/27      EV: 17    Int: 25    God:    Sif Muna [**....]
Gold:   617        SH:  0    Dex: 15    Spells: 13/30 levels left

rFire   + . .        b - +0 arbalest
rCold   . . .        (shield currently unavailable)
rNeg    . . .        j - +0 robe
rPois   .            N - +0 hat
rElec   .            s - +1 cloak
rCorr   .            (no gloves)
SInv    .            Q - +1 pair of boots
Will    +....        (no amulet)
Stlth   +++          k - ring of protection from fire
HPRegen 0.30/turn    i - +4 ring of protection
MPRegen 0.20/turn

%: no passive effects
@: no status effects
A: no striking features
a: Renounce Religion, Channel Magic


You were in an ice cave.
You worshipped Sif Muna.
Sif Muna was pleased with you.
You visited 2 branches of the dungeon, and saw 12 of its levels.
You also visited: Sewer and Ice Cave.

You collected 617 gold pieces.

Inventory:

Hand Weapons
 a - a +4 dagger of venom
 b - a +0 arbalest (weapon)
 A - a +1 dagger of electrocution
Armour
 j - a +0 robe (worn)
 s - a +1 cloak (worn)
 M - a scarf of shadows
 N - a +0 hat (worn)
 Q - a +1 pair of boots (worn)
 T - a +2 ring mail of willpower
Magical Staves
 c - a staff of fire
 D - a staff of alchemy
 P - a staff of earth
Jewellery
 i - a +4 ring of protection (right hand)
 k - a ring of protection from fire (left hand)
Talismans
 x - a serpent talisman
 K - a maw talisman
Wands
 C - a wand of mindburst (13)
 E - a wand of polymorph (11)
 J - a wand of flame (1)
 L - a wand of charming (19)
 O - a wand of light (6)
 R - a wand of iceblast (1)
Scrolls
 f - 3 scrolls of amnesia
 g - a scroll of blinking {unknown}
 h - a scroll of acquirement {unknown}
 l - 3 scrolls of enchant weapon
 m - 2 scrolls of immolation
 p - 3 scrolls of noise {unknown}
 r - 2 scrolls of poison
 t - 2 scrolls of fog
 u - a scroll of teleportation
 y - 3 scrolls of enchant armour
 B - a scroll of silence {unknown}
 F - 4 scrolls of vulnerability {unknown}
 I - 4 scrolls of butterflies
 S - a scroll of revelation {unknown}
 U - a scroll of fear {unknown}
Potions
 d - 4 potions of heal wounds
 e - 2 potions of lignification
 n - 6 potions of curing
 o - 4 potions of haste
 q - 3 potions of magic
 v - 3 potions of enlightenment
 w - a potion of resistance
 z - 3 potions of brilliance
 G - 2 potions of might
 H - a potion of ambrosia
 V - a potion of berserk rage {unknown}


   Skills:
 - Level 5.0 Fighting
 - Level 10.0 Dodging
 * Level 3.7 Stealth
 - Level 10.0 Spellcasting
 - Level 10.0 Conjurations
 + Level 12.0 Fire Magic


You had 13 spell levels left.
You knew the following spells:

 Your Spells              Type           Power      Damage    Failure   Level
a - Foxfire               Conj/Fire      100%       2x1d9     1%          1
b - Scorch                Fire           100%       2d9       1%          2
c - Inner Flame           Hex/Fire       42%        N/A       1%          3
d - Volatile Blastmotes   Fire/Tloc      84%        2d17      1%          3
e - Flame Wave            Conj/Fire      61%        2d14      1%          4
f - Sticky Flame          Fire/Alch      42%        2d8       4%          4

Your spell library contained the following spells:

 Spells                   Type           Power      Damage    Failure   Level
 Sting                    Conj/Alch      100%       1d9       1%          1
 Momentum Strike          Conj/Tloc      74%        3d10      1%          2
 Dazzling Flash           Conj/Hex       74%        N/A       1%          3
 Hailstorm                Conj/Ice       37%        3d9       1%          3
 Apportation              Tloc           24%        N/A       4%          1
 Freeze                   Ice            48%        1d6       4%          1
 Necrotise                Necr           48%        1d6       4%          1
 Summon Small Mammal      Summ           48%        N/A       4%          1
 Ignite Poison            Fire/Alch      42%        N/A       4%          4
 Brom's Barrelling Bould  Conj/Erth      37%        2d6       6%          4
 Fulminant Prism          Conj/Alch      18%        3d10      6%          4
 Iskenderun's Mystic Bla  Conj/Tloc      37%        2d9       6%          4
 Blink                    Tloc           24%        N/A       8%          2
 Jinxbite                 Hex            24%        N/A       8%          2
 Lesser Beckoning         Tloc           24%        N/A       8%          2
 Mercury Vapours          Alch/Air       24%        N/A       8%          2
 Sublimation of Blood     Necr           12%        N/A       8%          2
 Starburst                Conj/Fire      30%        6d9       9%          6
 Frozen Ramparts          Ice            24%        1d4       14%         3
 Irradiate                Conj/Alch      18%        3d17      17%         5
 Animate Dead             Necr           12%        N/A       43%         4
 Olgreb's Toxic Radiance  Alch           12%        N/A       43%         4
 Petrify                  Alch/Erth      12%        N/A       43%         4
 Summon Lightning Spire   Summ/Air       12%        N/A       43%         4
 Yara's Violent Unravell  Hex/Alch       6%         3d5       80%         5
 Ignition                 Fire           32%        3d10      93%         8
 Enfeeble                 Hex            6%         N/A       100%        7
 Maxwell's Capacitive Co  Air            6%         ∞         100%        8


Dungeon Overview and Level Annotations

Branches:
Dungeon (11/15)            Temple (1/1) D:7            Lair (0/5) D:10
    Orc (0/2) D:10          Sewer (visited)           IceCv (1/1)

Altars:
Ashenzari
Cheibriados
Dithmenos
Elyvilon
Fedhas
Gozag
Hepliaklqana
Kikubaaqudgha
Makhleb
Nemelex Xobeh
Okawaru
Qazlal
Ru
Sif Muna
Trog
Uskayaw
Vehumet
Wu Jian
Xom
Yredelemnul
Zin
The Shining One

Annotations:
D:2 1 runed translucent door, Crazy Yiuf
D:9 exclusion: catoblepas
D:10 exclusion: centaur, Joseph


Message History

The wolf simulacrum vaporises!
Sif Muna accepts your kill.
You hear a sizzling sound!
Your foxfire dissipates! x2
You start resting.
Your foxfire dissipates! x2
You start resting.
Magic restored.
A three-headed hydra simulacrum comes into view.
An ice devil comes into view.
Unknown command.
Casting: Foxfire (safe; 1% risk of failure)
Confirm with . or Enter, or press ? or * to list all spells.
Aiming: Sticky Flame (dangerous; 4% risk of failure)
Press: ? - help, Shift-Dir - straight line, f - ice devil
Aim: an ice devil The sticky flame hits the ice devil.
The ice devil is lightly wounded.
The ice devil burns!
The ice devil hits you. The ice devil freezes you!
Unknown command.
Unknown command.
Casting: Sticky Flame (dangerous; 4% risk of failure)
Confirm with . or Enter, or press ? or * to list all spells.
Aiming: Sticky Flame (dangerous; 4% risk of failure)
Press: ? - help, Shift-Dir - straight line, f - three-headed hydra simulacrum, p - ice devil
Aim: a three-headed hydra simulacrum The sticky flame hits the three-headed hydra simulacrum!
The three-headed hydra simulacrum melts!
The three-headed hydra simulacrum is lightly damaged.
The ice devil burns!
The three-headed hydra simulacrum burns!
The three-headed hydra simulacrum bites you.
The three-headed hydra simulacrum freezes you!!
Ouch! That really hurt!
* * * LOW HITPOINT WARNING * * *
The three-headed hydra simulacrum closely misses you.
The three-headed hydra simulacrum bites you.
* * * LOW HITPOINT WARNING * * *
The three-headed hydra simulacrum freezes you!!
You die...

.≈≈≈.# .##≈## ####
.#.### .....###
.......###
.........####### ####
.....#.........##..)##
....###.#.......@...[#
...## ######..##4Z...#
#### #...##....###
#...###.### ##... ###
##.. ###. #


You could see an ice devil (burning) and a three-headed hydra simulacrum
(burning).

Vanquished Creatures
  A two-headed ogre (D:10)
  A death yak (D:11)
  Pikel (D:6)
  A deep elf pyromancer (D:7)
  A cyclops (D:11)
  2 ice statues (IceCv)
  A gargoyle (D:10)
  3 kobold demonologists (D:7)
  2 rime drakes (D:11)
  An unseen horror (D:10)
  A komodo dragon (D:10)
  An ice devil (IceCv)
  Prince Ribbit (D:5)
  Grinder (D:3)
  A centaur simulacrum (D:11)
  A vampire (D:7)
  3 wyverns
  Grum (D:8)
  A basilisk (D:10)
  2 steam dragons
  6 yaks (D:10)
  Menkaure (D:7)
  A harpy simulacrum (IceCv)
  A water moccasin (D:6)
  5 orc warriors
  A sky beast (D:6)
  2 ice beasts
  4 ogres
  4 black bears
  2 wolves (D:8)
  4 centaurs
  A phantom (D:4)
  A lemure (D:7)
  2 bullfrogs
  5 kobold brigands
  2 scorpions
  A two-headed ogre simulacrum (IceCv)
  5 wights (D:9)
  3 killer bees (D:6)
  An elephant simulacrum (IceCv)
  A crimson imp (D:5)
  A howler monkey (D:5)
  4 hounds
  7 orc priests
  2 jellies
  A sleepcap (D:6)
  6 iguanas
  5 orc wizards
  2 wolf simulacra (IceCv)
  6 adders
  3 naga simulacra (IceCv)
  2 river rats (Sewer)
  3 white imps
  3 ufetubi (IceCv)
  2 dart slugs
  5 ribbon worms
  21 orcs
  10 endoplasms
  5 giant cockroaches
  5 goblins
  6 hobgoblins
  5 jackals
  32 kobolds
  3 quokkas
  9 ball pythons
  7 bats
  2 frilled lizards
  2 rats (D:1)
239 creatures vanquished.

Vanquished Creatures (collateral kills)
  A foxfire (D:7)
1 creature vanquished.

Vanquished Creatures (others)
  723 foxfires
723 creatures vanquished.

Grand Total: 963 creatures vanquished

Notes
Turn   | Place    | Note
-------+----------+-------------------------------------------
     0 | D:1      | cdecastro the Deep Elf Fire Elementalist began the quest
                  | for the Orb.
     0 | D:1      | Reached XP level 1. HP: 10/10 MP: 6/6
    50 | D:1      | You fall into a shaft and drop 1 floor!
    61 | D:2      | Found a runed translucent door.
    62 | D:2      | Noticed Crazy Yiuf
   128 | D:2      | Reached skill level 4 in Fire Magic
   128 | D:2      | Reached XP level 2. HP: 15/15 MP: 2/8
   680 | D:1      | Reached XP level 3. HP: 19/19 MP: 6/9
  1159 | D:1      | Reached skill level 5 in Fire Magic
  2221 | D:3      | Noticed Grinder
  2229 | D:3      | Killed Grinder
  2230 | D:3      | Reached skill level 7 in Fire Magic
  2230 | D:3      | Reached XP level 4. HP: 1/24 MP: 0/10
  2230 | D:3      | Reached XP level 5. HP: 1/28 MP: 0/11
  2771 | D:3      | Reached XP level 6. HP: 32/32 MP: 12/12
  2935 | D:4      | Learned a level 2 spell: Scorch
  3114 | D:4      | Reached skill level 8 in Fire Magic
  3297 | D:4      | Found a basalt altar of Yredelemnul.
  3297 | D:4      | Found an ancient bone altar of Kikubaaqudgha.
  3297 | D:4      | Found a shimmering altar of Xom.
  3307 | D:4      | Reached XP level 7. HP: 36/36 MP: 5/13
  3314 | D:4      | Found a sacrificial altar of Ru.
  3316 | D:4      | Found a snail-covered altar of Cheibriados.
  3319 | D:4      | Found a sparkling altar of Nemelex Xobeh.
  3321 | D:4      | Found a bloodstained altar of Trog.
  3327 | D:4      | Found a blossoming altar of Fedhas.
  3413 | D:4      | Found a glowing drain.
  3429 | Sewer    | Entered a sewer
  3805 | Sewer    | Reached skill level 5 in Conjurations
  4444 | D:5      | Entered Level 5 of the Dungeon
  4868 | D:5      | Learned a level 3 spell: Inner Flame
  4872 | D:5      | Learned a level 3 spell: Volatile Blastmotes
  4894 | D:5      | Reached XP level 8. HP: 41/41 MP: 8/14
  4962 | D:5      | Noticed Prince Ribbit
  4969 | D:5      | Killed Prince Ribbit
  5590 | D:5      | Found a burning altar of Makhleb.
  5594 | D:5      | Found a radiant altar of Vehumet.
  5904 | D:6      | Reached skill level 10 in Conjurations
  6172 | D:6      | Reached skill level 5 in Spellcasting
  6201 | D:6      | Reached XP level 9. HP: 45/45 MP: 14/19
  6206 | D:6      | Learned a level 4 spell: Flame Wave
  7535 | D:7      | Found a staircase to the Ecumenical Temple.
  7541 | Temple   | Entered the Ecumenical Temple
  7566 | Temple   | Became a worshipper of Sif Muna the Loreminder
  7738 | D:7      | Noticed Pikel
  7875 | D:6      | Killed Pikel
  7876 | D:6      | Reached skill level 10 in Spellcasting
  8370 | D:7      | Noticed Menkaure
  8382 | D:7      | Killed Menkaure
  8567 | D:7      | Noticed a kobold demonologist
  8568 | D:7      | Noticed a deep elf pyromancer
  8575 | D:7      | Killed a kobold demonologist
  8575 | D:7      | Killed a deep elf pyromancer
  8576 | D:7      | Reached skill level 5 in Fighting
  8576 | D:7      | Reached XP level 10. HP: 39/59 MP: 17/26
  8727 | D:7      | Noticed an orange demon
  9044 | D:7      | Found a shimmering blue altar of Sif Muna.
  9050 | D:7      | Got Further Steps in Witchcraft
  9056 | D:7      | Learned a level 4 spell: Sticky Flame
  9105 | D:7      | Reached skill level 5 in Dodging
  9474 | D:8      | Identified the +0 ring mail of Jaomokie {-Cast Str+3
                  | Stlth+}
  9550 | D:8      | Noticed Grum
  9561 | D:8      | Killed Grum
  9668 | D:8      | Reached * piety under Sif Muna
  9850 | D:8      | Found a glowing golden altar of the Shining One.
  9850 | D:8      | Found a glowing silver altar of Zin.
  9850 | D:8      | Found a white marble altar of Elyvilon.
 10295 | D:9      | Found a shadowy altar of Dithmenos.
 10296 | D:9      | Found an iron altar of Okawaru.
 10296 | D:9      | Found a stormy altar of Qazlal.
 10723 | D:9      | Noticed a catoblepas
 11226 | D:10     | Entered Level 10 of the Dungeon
 11243 | D:10     | Noticed Joseph
 11301 | D:10     | Noticed a two-headed ogre
 11322 | D:10     | Killed a two-headed ogre
 11323 | D:10     | Reached skill level 10 in Dodging
 11647 | D:10     | Reached XP level 11. HP: 63/63 MP: 20/27
 11742 | D:10     | Reached skill level 9 in Fire Magic
 11922 | D:10     | Found a staircase to the Lair.
 12035 | D:10     | Reached ** piety under Sif Muna
 12212 | D:10     | Reached skill level 10 in Fire Magic
 12601 | D:10     | Found a staircase to the Orcish Mines.
 13028 | D:11     | Noticed a death yak
 13039 | D:11     | Killed a death yak
 13137 | D:11     | Reached skill level 11 in Fire Magic
 13258 | D:11     | Found a frozen archway.
 13265 | IceCv    | Entered an ice cave
 13637 | IceCv    | Reached skill level 12 in Fire Magic
 13905 | IceCv    | Demolished by a three-headed hydra simulacrum

Illustrated notes

Levels and vault maps discovered:
D:1:      amcnicky_arrival_choice, layout_basic, serial_glass, glass_columns_a,
          glass_columns_b, glass_columns_a, glass_columns_a, glass_columns_a,
          glass_columns_b, minmay_misc_feat_doors
D:2:      layout_basic, uniq_crazy_yiuf_cottage
D:3:      layout_basic, grunt_decor_arrowhead, minmay_ruptured, uniq_grinder
D:4:      layout_loops_ring, nicolae_overflow_hallway_of_the_gods,
          portal_sewer_entry_d, kennysheep_windowed_goal
D:5:      layout_basic, grunt_temple_overflow_lords_of_destruction,
          minmay_stone_trees_small, uniq_prince_ribbit1
D:6:      layout_layer_cave
D:7:      layout_rooms, minmay_temple_entry_fiery, serial_library,
          serial_library_hellmonk_octagon, serial_library_hellmonk_small_corner,
          serial_library_regret_index_multi,
          serial_library_hellmonk_long_bookcase,
          serial_library_hellmonk_reading_circle,
          serial_library_regret_index_split_case,
          serial_library_regret_index_double_sided,
          serial_library_hellmonk_h_bend, serial_library_hellmonk_narrow_alcove,
          dreamdust_princess_bridge, uniq_pikel, uniq_menkaure
D:8:      layout_cave_pools, dreamdust_divine_triumvirate, uniq_grum
D:9:      layout_irregular_city, chequers_temple_overflow_statue_of_worship
D:10:     layout_gridville, erik_lair_dragon, david_orc_3,
          minmay_misc_feat_ornament, minmay_sticks_and_stones
D:11:     cheibrodos_wizards_tower, layout_basic, serial_ice, serial_ice_k,
          serial_ice_c, serial_ice_n, serial_ice_f, portal_ice_cave_rime
Temple:   nicolae_temple_superstar
IceCv:    ice_cave_small_demon

Skill      XL: |  1  2  3  4  5  6  7  8  9 10 11 |
---------------+----------------------------------+-----
Fire Magic     | 4 7 8 12 | 12.0
Conjurations   | 3 7 10 | 10.0
Spellcasting   | 5 10 | 10.0
Fighting       | 5 |  5.0
Dodging        | 3 10 | 10.0
Stealth        | 3 |  3.7

Action                     |  1- 3 |  4- 6 |  7- 9 | 10-12 || total
---------------------------+-------+-------+-------+-------++-------
  Melee: Dagger            |     2 |       |    25 |     1 ||    28
         Punch             |       |       |     1 |       ||     1
   Fire: Arbalest          |    17 |    17 |    19 |    22 ||    75
   Cast: Foxfire           |    85 |    23 |   149 |   155 ||   412
         Scorch            |       |    14 |    55 |    93 ||   162
         Flame Wave        |       |       |     2 |     5 ||     7
         Volatile Blastmot |       |       |     1 |     1 ||     2
         Sticky Flame      |       |       |       |    15 ||    15
         Inner Flame       |       |       |       |     7 ||     7
    Use: Scroll            |       |       |    12 |     6 ||    18
 Armour: Robe              |     6 |     7 |    34 |    61 ||   108
  Dodge: Dodged            |     8 |     8 |    40 |    39 ||    95
